 Dungeon Crawl Stone Soup version 0.28-a0-479-g5baa6b73be (webtiles) character file.

Game seed: 13058897316812099390

2795 MasteOfDeath the Cleaver (level 9, -8/111 HPs)
             Began as a Gnoll Berserker on Sept 17, 2021.
             Was an Elder of Trog.
             Mangled by a two-headed ogre (23 damage)
             ... on level 7 of the Dungeon.
             The game lasted 00:20:22 (5197 turns).

MasteOfDeath the Cleaver (Gnoll Berserker)          Turns: 5197, Time: 00:20:23

Health: -8/111     AC: 14    Str: 18    XL:     9   Next: 71%
Magic:  15/15      EV: 10    Int:  8    God:    Trog [****..]
Gold:   266        SH:  0    Dex: 18    Spells: 17/17 levels left

rFire   . . .      SeeInvis .   q - +0 war axe
rCold   . . .      Faith    .   (no shield)
rNeg    . . .      Spirit   .   h - +0 chain mail
rPois   .          Reflect  .   f - +0 helmet
rElec   .          Harm     .   k - +0 cloak
rCorr   .          Rampage  .   (no gloves)
Will    .....                   s - +0 pair of boots
Stlth   ..........              c - amulet of regeneration
HPRegen 1.28/turn               r - +6 ring of dexterity
MPRegen 0.14/turn               (no ring)

@: berserking, very quick
A: fangs 1, strong nose, distributed training
a: Renounce Religion, Berserk, Trog's Hand, Brothers in Arms


You were on level 7 of the Dungeon.
You worshipped Trog.
Trog was greatly pleased with you.
You visited 1 branch of the dungeon, and saw 7 of its levels.

You collected 266 gold pieces.

Inventory:

Hand Weapons
 a - a +0 hand axe
 j - a +0 longbow
 q - a +0 war axe (weapon)
Missiles
 g - 4 boomerangs (quivered)
 n - a throwing net
Armour
 f - a +0 helmet (worn)
 h - a +0 chain mail (worn)
 k - a +0 cloak (worn)
 s - a +0 pair of boots (worn)
Jewellery
 c - an amulet of regeneration (around neck)
 r - a +6 ring of dexterity (left hand)
Wands
 l - a wand of flame (10)
Scrolls
 o - 2 scrolls of identify
Potions
 b - 2 potions of invisibility
 d - 5 potions of curing
 e - 2 potions of might
 i - a potion of heal wounds
 m - a potion of flight


   Skills:
 + Level 8.0 Fighting
 + Level 4.5 Short Blades
 + Level 4.5 Long Blades
 + Level 8.0 Axes
 + Level 4.5 Maces & Flails
 + Level 4.5 Polearms
 + Level 4.5 Staves
 + Level 4.5 Slings
 + Level 4.5 Bows
 + Level 4.5 Crossbows
 + Level 4.5 Throwing
 + Level 6.5 Armour
 + Level 6.5 Dodging
 + Level 4.5 Stealth
 + Level 4.5 Shields
 + Level 4.5 Unarmed Combat
 + Level 4.5 Spellcasting
 + Level 3.7 Conjurations
 + Level 3.7 Hexes
 + Level 3.7 Summonings
 + Level 3.7 Necromancy
 + Level 3.7 Translocations
 + Level 3.7 Transmutations
 + Level 3.7 Fire Magic
 + Level 3.7 Ice Magic
 + Level 3.7 Air Magic
 + Level 3.7 Earth Magic
 + Level 3.7 Poison Magic
 + Level 5.0 Invocations
 + Level 4.5 Evocations


You had 17 spell levels left.
You didn't know any spells.
Your spell library was empty.

Dungeon Overview and Level Annotations

Branches:
Dungeon (7/15)
 Temple: D:4-7

Altars:
Fedhas


Innate Abilities, Weirdness & Mutations

You have very sharp teeth.
Your uncanny sense of smell can sniff out nearby items.
Your experience applies equally to all skills.


Message History

The two-headed ogre shouts in stereo!
You throw a boomerang.
The boomerang hits the two-headed ogre but does no damage.
You throw a boomerang. The boomerang hits the two-headed ogre!
The two-headed ogre is lightly wounded.
You throw a boomerang.
The boomerang barely misses the two-headed ogre.
You slash the two-headed ogre!
The two-headed ogre is moderately wounded.
The two-headed ogre completely misses you.
The two-headed ogre hits you with a +0 giant spiked club!
You hit the two-headed ogre but do no damage.
The two-headed ogre is moderately wounded.
The two-headed ogre hits you with a +0 giant club!
The two-headed ogre hits you with a +0 giant spiked club!
You slash the two-headed ogre!
The two-headed ogre is heavily wounded.
You hit the two-headed ogre.
The two-headed ogre is severely wounded.
The two-headed ogre hits you but does no damage.
The two-headed ogre closely misses you.
You hit the two-headed ogre but do no damage.
The two-headed ogre is severely wounded.
The two-headed ogre hits you but does no damage.
The two-headed ogre hits you with a +0 giant spiked club!
You are too injured to fight recklessly!
A red film seems to cover your vision as you go berserk!
You feel yourself moving faster!
You feel mighty!
The two-headed ogre hits you with a +0 giant club!!
* * * LOW HITPOINT WARNING * * *
The two-headed ogre barely misses you.
You are too injured to fight recklessly!
You are too injured to fight recklessly!
You are too injured to fight recklessly!
You slash the two-headed ogre!
The two-headed ogre is severely wounded.
The two-headed ogre hits you with a +0 giant club!
* * * LOW HITPOINT WARNING * * *
The two-headed ogre hits you with a +0 giant spiked club!!
You die...

...# .#.# .#..
.#.# ## .#.#
#.# ##.#.#
#.###..#.#
#.###.#.###<#
#....@.†....#
#...##O###.####
# ... #...
..##> #.##.#
#?. ## .## ..
.. ∆ # ≈. # .


You could see a two-headed ogre.

Vanquished Creatures
  A two-headed ogre (D:6)
  The ghost of willcat the Covert, a novice OpDe of Gozag (D:6)
  Prince Ribbit (D:5)
  2 sky beasts
  A black bear (D:5)
  An orc warrior (D:6)
  4 ogres (D:6)
  2 kobold brigands (D:6)
  A wyvern zombie (D:6)
  3 scorpions
  A wyvern skeleton (D:6)
  A centaur zombie (D:7)
  A bullfrog zombie (D:5)
  A hound (D:4)
  A gnoll shaman (D:4)
  A bullfrog skeleton (D:6)
  5 iguanas
  A hound skeleton (D:3)
  6 gnolls (D:4)
  A howler monkey skeleton (D:5)
  6 adders
  3 river rats (D:6)
  A shadow imp (D:6)
  3 white imps
  4 ufetubi
  An adder zombie (D:5)
  3 dart slugs
  9 orcs
  5 bats
  7 endoplasms
  5 giant cockroaches
  8 goblins
  7 hobgoblins
  14 kobolds
  4 quokkas
  7 ball pythons
  2 frilled lizards (D:3)
  7 rats
132 creatures vanquished.

Notes
Turn   | Place    | Note
-------+----------+-------------------------------------------
     0 | D:1      | MasteOfDeath the Gnoll Berserker began the quest for the
                  | Orb.
     0 | D:1      | Reached XP level 1. HP: 23/23 MP: 1/1
    59 | D:1      | Found a faded altar of an unknown god.
   344 | D:1      | Reached XP level 2. HP: 29/29 MP: 2/2
  1263 | D:2      | Reached XP level 3. HP: 35/35 MP: 3/3
  1586 | D:2      | Reached ** piety under Trog
  1755 | D:3      | Reached skill level 1 in Invocations
  1780 | D:3      | Reached skill level 1 in Short Blades
  1780 | D:3      | Reached skill level 1 in Long Blades
  1780 | D:3      | Reached skill level 1 in Maces & Flails
  1780 | D:3      | Reached skill level 1 in Polearms
  1780 | D:3      | Reached skill level 1 in Staves
  1780 | D:3      | Reached skill level 1 in Slings
  1780 | D:3      | Reached skill level 1 in Bows
  1780 | D:3      | Reached skill level 1 in Crossbows
  1780 | D:3      | Reached skill level 1 in Throwing
  1780 | D:3      | Reached skill level 1 in Stealth
  1780 | D:3      | Reached skill level 1 in Shields
  1780 | D:3      | Reached skill level 1 in Unarmed Combat
  1780 | D:3      | Reached skill level 1 in Spellcasting
  1780 | D:3      | Reached skill level 1 in Evocations
  1910 | D:3      | Reached XP level 4. HP: 23/41 MP: 5/5
  2027 | D:3      | Reached skill level 1 in Conjurations
  2027 | D:3      | Reached skill level 1 in Hexes
  2027 | D:3      | Reached skill level 1 in Summonings
  2027 | D:3      | Reached skill level 1 in Necromancy
  2027 | D:3      | Reached skill level 1 in Translocations
  2027 | D:3      | Reached skill level 1 in Transmutations
  2027 | D:3      | Reached skill level 1 in Fire Magic
  2027 | D:3      | Reached skill level 1 in Ice Magic
  2027 | D:3      | Reached skill level 1 in Air Magic
  2027 | D:3      | Reached skill level 1 in Earth Magic
  2027 | D:3      | Reached skill level 1 in Poison Magic
  2332 | D:4      | Reached XP level 5. HP: 47/47 MP: 5/7
  2722 | D:4      | Reached *** piety under Trog
  2745 | D:4      | Found a blossoming altar of Fedhas.
  2772 | D:4      | Reached XP level 6. HP: 53/53 MP: 8/8
  2915 | D:4      | Reached skill level 5 in Armour
  2915 | D:4      | Reached skill level 5 in Dodging
  3327 | D:5      | Entered Level 5 of the Dungeon
  3470 | D:5      | Noticed a black bear
  3486 | D:5      | Killed a black bear
  3487 | D:5      | Reached XP level 7. HP: 48/60 MP: 10/10
  3616 | D:5      | Noticed Prince Ribbit
  3624 | D:5      | Killed Prince Ribbit
  4119 | D:6      | Reached XP level 8. HP: 40/67 MP: 12/12
  4158 | D:6      | Noticed a two-headed ogre
  4159 | D:6      | Found a transporter.
  4159 | D:6      | Noticed willcat's ghost (novice OpDe)
  4165 | D:6      | Found a transporter.
  4872 | D:6      | Reached **** piety under Trog
  5060 | D:6      | Reached XP level 9. HP: 73/73 MP: 14/14
  5065 | D:6      | Killed a two-headed ogre
  5075 | D:6      | Killed willcat's ghost
  5175 | D:7      | Reached skill level 5 in Invocations
  5185 | D:7      | Noticed a two-headed ogre
  5197 | D:7      | Mangled by a two-headed ogre

Illustrated notes

Levels and vault maps discovered:
D:1:      nicolae_arrival_washed_ashore, layout_loops_ring,
          shapermc_ecumenical_altar_mp_ritualfount, minmay_bisected
D:2:      layout_basic, st_stairs_3, columned_hall_lemuel, minmay_door_square,
          grunt_decor_arrowhead
D:3:      layout_rooms, minmay_misc_feat_doors, st_stairs_5
D:4:      layout_basic, mainiacjoe_overflow_concentric_impassable
D:5:      layout_cave_pools, nicolae_zen_rock_garden, uniq_prince_ribbit1
D:6:      layout_basic, lightli_sewer_entry_pipes, gammafunk_ghost_smash
D:7:      layout_loops_ring, vehumet_altar_wand_db,
          nicolae_overflow_crystal_walls,
          chequers_temple_overflow_statue_of_worship, temple_hall_moat,
          serial_shops, nicolae_stop_n_shop_2, nicolae_shop_behind_doors,
          kennysheep_mini, nicolae_shop_crystal, shop, minmay_crystal_room,
          dk_noncrumbling_4

Skill      XL: |  1  2  3  4  5  6  7  8  9 |
---------------+----------------------------+-----
Invocations    | 1 2 3 4 5 |  5.0
Short Blades   | 1 2 3 4 |  4.5
Long Blades    | 1 2 3 4 |  4.5
Maces & Flails | 1 2 3 4 |  4.5
Polearms       | 1 2 3 4 |  4.5
Staves         | 1 2 3 4 |  4.5
Slings         | 1 2 3 4 |  4.5
Bows           | 1 2 3 4 |  4.5
Crossbows      | 1 2 3 4 |  4.5
Throwing       | 1 2 3 4 |  4.5
Stealth        | 1 2 3 4 |  4.5
Shields        | 1 2 3 4 |  4.5
Unarmed Combat | 1 2 3 4 |  4.5
Spellcasting   | 1 2 3 4 |  4.5
Evocations     | 1 2 3 4 |  4.5
Conjurations   | 1 2 3 |  3.7
Hexes          | 1 2 3 |  3.7
Summonings     | 1 2 3 |  3.7
Necromancy     | 1 2 3 |  3.7
Translocations | 1 2 3 |  3.7
Transmutations | 1 2 3 |  3.7
Fire Magic     | 1 2 3 |  3.7
Ice Magic      | 1 2 3 |  3.7
Air Magic      | 1 2 3 |  3.7
Earth Magic    | 1 2 3 |  3.7
Poison Magic   | 1 2 3 |  3.7
Armour         | 5 6 |  6.5
Dodging        | 5 6 |  6.5
Fighting       | 7 8 |  8.0
Axes           | 7 8 |  8.0

Action                   |  1- 3 |  4- 6 |  7- 9 || total
-------------------------+-------+-------+-------++-------
Melee: Hand axe          |    96 |   152 |    21 ||   269
       Bite              |     9 |    16 |    22 ||    47
       Punch             |       |     1 |     1 ||     2
       War axe           |       |       |   191 ||   191
Throw: Boomerang         |       |     4 |     7 ||    11
Invok: Berserk           |     1 |     6 |     7 ||    14
  Use: Scroll            |     2 |     5 |     3 ||    10
Armor: Animal skin       |    16 |       |       ||    16
       Chain mail        |    13 |    74 |   122 ||   209
Dodge: Dodged            |    51 |    66 |   114 ||   231

Table legend: (Time is in decaauts)
 A = Elapsed time spent in this place.
 B = Non-inter-level travel time spent in this place.
 C = Inter-level travel time spent in this place.
 D = Time resting spent in this place.
 E = Time spent auto-exploring this place.
 F = Levels seen in this place.
 G = Mean time per level.
                   A        B        C        D        E       F      G
               +--------+--------+--------+--------+--------+-----+--------+
         Total |   5352 |   4941 |    411 |    934 |   3032 |   7 |  764.6 |
       Dungeon |   5352 |   4941 |    411 |    934 |   3032 |   7 |  764.6 |
               +--------+--------+--------+--------+--------+-----+--------+

Top non-repeatable levels by time:
     D:6: 1193 daAuts
     D:4: 1065 daAuts
     D:1: 1042 daAuts
     D:2: 708 daAuts
     D:5: 699 daAuts
     D:3: 607 daAuts
     D:7: 34 daAuts
